 Dungeon Crawl Stone Soup version 0.29-a0-581-ge9a90b782e (webtiles) character file.

Game seed: 4908223060812628161

59 KristoblXynda the Skirmisher (level 3, 0/33 HPs)
             Began as a Draconian Berserker on June 14, 2022.
             Was a Follower of Trog.
             Slain by a gnoll
             ... wielding a +0 spear
              (5 damage)
             ... on level 2 of the Dungeon.
             The game lasted 00:01:31 (1753 turns).

KristoblXynda the Skirmisher (Draconian Berserker)  Turns: 1753, Time: 00:01:31

Health: 0/33       AC:  6    Str: 19    XL:     3   Next: 78%
Magic:  3/3        EV: 12    Int:  9    God:    Trog [*.....]
Gold:   38         SH:  0    Dex: 10    Spells: 2/2 levels left

rFire   . . .      SeeInvis .   a - +0 falchion
rCold   . . .      Faith    .   (no shield)
rNeg    . . .      Spirit   .   (body armour unavailable)
rPois   .          Reflect  .   (helmet restricted)
rElec   .          Harm     .   (no cloak)
rCorr   .          Rampage  .   e - +0 pair of gloves
Will    .....                   (no boots)
Stlth   +.........              (no amulet)
HPRegen 0.11/turn               (no ring)
MPRegen 0.08/turn               (no ring)

@: on berserk cooldown, slowed, very slow
A: AC +5, unfitting armour, cold-blooded
a: Renounce Religion, Berserk


You were on level 2 of the Dungeon.
You worshipped Trog.
Trog was aware of your devotion.
You visited 1 branch of the dungeon, and saw 2 of its levels.

You collected 83 gold pieces.
You spent 45 gold pieces at shops.

Inventory:

Hand Weapons
 a - a +0 falchion (weapon)
Missiles
 j - a throwing net (quivered)
Armour
 e - a +0 pair of gloves (worn)
Jewellery
 i - an amulet of reflection
Scrolls
 f - a scroll of magic mapping
 h - a scroll of enchant weapon {unknown}
Potions
 b - a potion of attraction {unknown}
 d - a potion of curing
 g - a potion of heal wounds {unknown}


   Skills:
 + Level 4.0 Fighting
 + Level 3.6 Long Blades
 + Level 3.3 Dodging


You had 2 spell levels left.
You didn't know any spells.
Your spell library contained the following spells:

 Spells                   Type           Power      Damage    Failure   Level
 Ensorcelled Hibernation  Hex/Ice        0%         N/A       52%         2
 Spider Form              Tmut/Pois      0%         N/A       77%         3
 Anguish                  Hex/Necr       0%         N/A       99%         4


Dungeon Overview and Level Annotations

Branches:
Dungeon (2/15)

Altars:

Shops:
D:2 *


Innate Abilities, Weirdness & Mutations

Your plain brown scales are hard. (AC +5)
You cannot fit into any form of body armour.
You are cold-blooded and may be slowed by cold attacks.


Message History

The giant cockroach barely misses you.
You hit the giant cockroach.
You kill the giant cockroach!
Trog accepts your kill.
i - an amulet of reflection
Items here: )) [ †.
A gnoll comes into view. It is wielding a +0 flail.
The gnoll moves out of view.
The gnoll shouts!
You hear a shout!
You hear an angry hiss. x2
You see here a throwing net.
j - a throwing net
Items here: )) [ †.
You hit the gnoll but do no damage. You tail-slap the gnoll.
The gnoll is lightly wounded.
The gnoll hits you with a +0 flail!
You hit the gnoll.
Your tail-slap misses the gnoll.
The gnoll is heavily wounded.
The gnoll hits you with a +0 flail!
* * * LOW HITPOINT WARNING * * *
The gnoll hits you from afar with a +0 spear!
* * * LOW HITPOINT WARNING * * *
A red film seems to cover your vision as you go berserk!
You feel yourself moving faster!
You feel mighty! The gnoll barely misses you.
The gnoll hits you from afar with a +0 spear.
* * * LOW HITPOINT WARNING * * *
You feel a strong urge to attack something.
You feel your anger nearly subside.
You are no longer berserk.
You are exhausted.
You feel yourself slow down.
As you read the scroll labelled TABEYT LUOSM, it crumbles to dust.
It is a scroll of identify.
d - 2 potions of curing The gnoll hits you but does no damage.
You feel better.
The gnoll hits you from afar with a +0 spear.
* * * LOW HITPOINT WARNING * * *
The gnoll hits you but does no damage.
The gnoll hits you from afar with a +0 spear.
You die...

####### #.....#
#.....#
##########.(...######
.........'.....'@.gl##
......####.....####..#
......# #.....# ##.#
......# #.....# #.##
......# #.....# #g.#
(.....# #.....# ##.##
. ......#
############..# <.
########## #....###.#
... .........# #....#
#.# g..


You could see a gnoll and a frilled lizard.

Vanquished Creatures
  2 gnolls (D:2)
  An adder (D:2)
  A dart slug (D:1)
  4 ball pythons
  6 bats
  2 endoplasms (D:1)
  2 giant cockroaches
  4 goblins
  3 hobgoblins (D:2)
  2 quokkas (D:1)
  A frilled lizard (D:1)
  A kobold (D:2)
  2 rats (D:1)
31 creatures vanquished.

Notes
Turn   | Place    | Note
-------+----------+-------------------------------------------
     0 | D:1      | KristoblXynda the Draconian Berserker began the quest for
                  | the Orb.
     0 | D:1      | Reached XP level 1. HP: 19/19 MP: 1/1
   238 | D:1      | Reached XP level 2. HP: 16/26 MP: 2/2
   455 | D:1      | Found a faded altar of an unknown god.
  1271 | D:2      | Found Nimous's General Store.
  1285 | D:2      | Bought a scroll of magic mapping for 45 gold pieces
  1428 | D:2      | Reached XP level 3. HP: 23/33 MP: 3/3
  1641 | D:2      | Reached ** piety under Trog
  1652 | D:2      | Reached skill level 4 in Fighting
  1742 | D:2      | HP: 1/49 [gnoll/+0 spear (2)]
  1753 | D:2      | Slain by a gnoll

Illustrated notes

Levels and vault maps discovered:
D:1:      eino_arrival_water_cross, layout_basic,
          shapermc_ecumenical_altar_flowoftime
D:2:      layout_basic, serial_shops, shop, minmay_close_crescents,
          uniq_crazy_yiuf_cottage

Skill      XL: |  1  2  3 |
---------------+----------+-----
Dodging        | 3 |  3.3
Fighting       | 4 |  4.0
Long Blades    | |  3.6

Action                   || total
-------------------------++-------
Melee: Falchion          ||   113
       Tailslap          ||    12
       Punch             ||     2
Invok: Berserk           ||     3
  Use: Scroll            ||     1
       Potion            ||     1
 Stab: Sleeping          ||     1
Armor: Skin              ||    41
Dodge: Dodged            ||   104

Table legend: (Time is in decaauts)
 A = Elapsed time spent in this place.
 B = Non-inter-level travel time spent in this place.
 C = Inter-level travel time spent in this place.
 D = Time resting spent in this place.
 E = Time spent auto-exploring this place.
 F = Levels seen in this place.
 G = Mean time per level.
                   A        B        C        D        E       F      G
               +--------+--------+--------+--------+--------+-----+--------+
         Total |   1788 |   1745 |     43 |    258 |   1204 |   2 |  894.0 |
       Dungeon |   1788 |   1745 |     43 |    258 |   1204 |   2 |  894.0 |
               +--------+--------+--------+--------+--------+-----+--------+

Top non-repeatable levels by time:
     D:1: 1148 daAuts
     D:2: 640 daAuts
